 Dungeon Crawl Stone Soup version 0.31.0-11-ge490571c62 (webtiles) character file.

Game seed: 7690050867783764934

77 qw the Shooter (level 4, -1/22 HPs)
             Began as a Spriggan Hunter on Feb 5, 2024.
             Slain by an adder (4 damage)
             ... on level 2 of the Dungeon.
             The game lasted 00:00:25 (1186 turns).

qw the Shooter (Spriggan Hunter)                    Turns: 1186, Time: 00:00:26

Health: -1/22      AC:  2    Str: 13    XL:     4   Next: 13%
Magic:  5/5        EV: 19    Int: 10    God:
Gold:   95         SH:  0    Dex: 20    Spells: 3/3 levels left

rFire   . . .        a - +1 shortbow
rCold   . . .        (shield currently unavailable)
rNeg    . . .        c - +0 robe
rPois   .            (helmet restricted)
rElec   .            (no cloak)
rCorr   .            (gloves unavailable)
SInv    +            (boots unavailable)
Will    .....        (no amulet)
Stlth   ++           h - +6 ring of strength
HPRegen 0.23/turn    (no ring)
MPRegen 0.09/turn

%: no passive effects
@: very quick
A: very small, no large weapons, unfitting armour, see invisible, speed 3
a: no special abilities


You were on level 2 of the Dungeon.
You visited 1 branch of the dungeon, and saw 2 of its levels.

You collected 95 gold pieces.


Innate Abilities, Weirdness & Mutations

You are very small and have problems with some larger weapons.
You are too small for most types of armour.
You have supernaturally acute eyesight. (SInv)
You cover ground extremely quickly. (Speed+++)


   Skills:
 - Level 1.5 Fighting
 - Level 5.0 Ranged Weapons
 + Level 4.4 Dodging
 - Level 1.5 Stealth


You had 3 spell levels left.
You didn't know any spells.
Your spell library was empty.

Inventory:

Hand Weapons
 a - a +1 shortbow (weapon)
Armour
 c - a +0 robe (worn)
Jewellery
 h - a +6 ring of strength (left hand)
Scrolls
 b - a scroll of amnesia {unknown}
 e - a scroll of fear {unknown}
Potions
 d - a potion of ambrosia {unknown}
 f - a potion of enlightenment {unknown}
 g - 2 potions of curing

Dungeon Overview and Level Annotations

Branches:
Dungeon (2/15)

Altars:


Message History

f - a coppery potion You open the door.
An adder and a kobold come into view.
You shoot an arrow. The arrow hits the kobold.
You kill the kobold!
You shoot an arrow. The arrow barely misses the adder.
You shoot an arrow. The arrow hits the adder.
The adder is moderately wounded.
You shoot an arrow. The arrow closely misses the adder.
The adder bites you. The adder closely misses you.
You shoot an arrow. The arrow barely misses the adder.
The adder closely misses you.
You shoot an arrow. The arrow closely misses the adder.
The adder bites you.
You are poisoned.
The adder poisons you! The adder bites you.
You shoot an arrow. The arrow barely misses the adder.
You feel sick. The adder bites you.
You shoot an arrow. The arrow closely misses the adder.
You feel sick. The adder closely misses you. The adder misses you.
You shoot an arrow. The arrow hits the adder.
The adder is severely wounded.
You feel sick. The adder bites you.
You are more poisoned.
The adder poisons you!
You shoot an arrow. The arrow closely misses the adder.
You feel sick. The adder bites you. The adder barely misses you.
You shoot an arrow. The arrow hits the adder.
The adder is severely wounded.
You feel sick. The adder barely misses you.
You shoot an arrow. The arrow completely misses the adder.
You feel sick. The adder barely misses you. The adder misses you.
You shoot an arrow. The arrow closely misses the adder.
You feel sick. The adder misses you.
You shoot an arrow. The arrow hits the adder.
The adder is almost dead.
You feel sick.
You are no longer poisoned.
The adder bites you.
You die...

#.####.##.###.#.#.#.##
#.#.........#.#..###.##
#.#.##.##.#...%....##.####
#.#.##.##........#.......#
#.#.##.######.....###.##.#
##......# ##...###.###.#
.......## ##.#.#.## #.####
.###.#.# #.##.## ##....# .# #.#.#
#@#### #...#.# .# #.#.# #S#
##....# .# #.#.# ).. ####.#### .#
#.#.# ..... #.......# )###.#.##
....... #.#..##.#
.##.....####.........###....##.##
...........+.........+)..........
###.....####.........###.....#.##
##.#.## #.#.#.#.#


You could see an adder.

Vanquished Creatures
  Terence (D:2)
  An adder (D:2)
  4 ball pythons
  4 endoplasms
  A giant cockroach (D:1)
  6 hobgoblins
  3 jackals (D:1)
  5 kobolds
  4 quokkas
  A bat (D:1)
  3 frilled lizards
  4 rats
37 creatures vanquished.

Notes
Turn   | Place    | Note
-------+----------+-------------------------------------------
     0 | D:1      | qw the Spriggan Hunter began the quest for the Orb.
     0 | D:1      | Reached XP level 1. HP: 10/10 MP: 2/2
     0 | D:1      | 0 ||| qw: Version: 0.3-a-160-g6735b56
     0 | D:1      | 0 ||| qw: Game counter: 6436
     0 | D:1      | 0 ||| qw: Melee chars always use a shield: true
     0 | D:1      | 0 ||| qw: God list: Okawaru
     0 | D:1      | 0 ||| qw: Allow faded altars: false
     0 | D:1      | 0 ||| qw: Do Orc after clearing Dungeon:15 true
     0 | D:1      | 0 ||| qw: Do second Lair branch before Depths: true
     0 | D:1      | 0 ||| qw: Lair rune preference: random
     0 | D:1      | 0 ||| qw: Goals: Normal
     0 | D:1      | 0 ||| PLANNING D:1-11
    14 | D:1      | Reached skill level 3 in Dodging
    66 | D:1      | Reached XP level 2. HP: 8/14 MP: 3/3
   720 | D:1      | 720 ||| UPGRADING to +6 ring of strength.
   721 | D:1      | 721 ||| READING scroll labelled NIHA UB ZOJO.
   822 | D:1      | 822 ||| READING scroll labelled KIL PUCHER.
   822 | D:1      | 822 ||| IDENTIFYING 2 golden potions
   823 | D:1      | 823 ||| READING scroll labelled GAHIOWNU WAN VEORU.
   823 | D:1      | 823 ||| ENCHANTING +0 shortbow.
   824 | D:1      | 824 ||| DROPPING scroll of butterflies.
   872 | D:2      | Reached XP level 3. HP: 18/18 MP: 4/4
   960 | D:2      | Noticed Terence
   963 | D:2      | Killed Terence
  1025 | D:2      | Reached skill level 5 in Ranged Weapons
  1097 | D:2      | Reached XP level 4. HP: 22/22 MP: 5/5
  1184 | D:2      | HP: 5/22 [poisoned by an adder]
  1186 | D:2      | Slain by an adder

Levels and vault maps discovered:
D:1:      ldierk_walled_garden_2, layout_loops_ring
D:2:      layout_loops_corners, uniq_crazy_yiuf_cottage, uniq_terence

Skill      XL: |  1  2  3 |
---------------+----------+-----
Dodging        | 3 4 |  4.4
Ranged Weapons | 5 |  5.0
Fighting       | |  1.5
Stealth        | |  1.5

Action                     |  1- 3 |  4- 6 || total
---------------------------+-------+-------++-------
   Fire: Shortbow          |    79 |    20 ||    99
    Use: Scroll            |     3 |       ||     3
 Armour: Robe              |     4 |     7 ||    11
  Dodge: Dodged            |    12 |     9 ||    21

Table legend:
 A = Non-vault XP
 B = Vault XP
 C = Vault XP percentage of total XP
 D = Non-vault monster count
 E = Vault monster count
 F = Vault count percentage of total count
                 A         B        C        D         E       F
            +---------+---------+-------+---------+---------+-------
      Total |      74 |      36 |  32.7 |      36 |       1 |   2.7
            +---------+---------+-------+---------+---------+-------
        D:1 |      39 |       0 |   0.0 |      22 |       0 |   0.0
        D:2 |      35 |      36 |  50.7 |      14 |       1 |   6.7
            +---------+---------+-------+---------+---------+-------
